moxana, chaotic female human Rogue ---------- ------- |...<.....# |.....| |........|# |.....| |........|########-.....-## ----- ----- #.........|# |.....|###############` |.!!| |....#####|........|# |..{...#####----------.- |.!!| |...| # ----------# -----+-# |...........###### |.!.| |....################# ........>..| # |.!!| |...| # # |._........| #f@f@!| |....## ------------ ----- ----- moxana the Cutpurse Experience level: 3 Strength: 16 Dexterity: 17 Constitution: 12 Intelligence: 12 Wisdom: 9 Charisma: 9 Health: 0(22) Energy: 10(10) Def: 4 Gold: 79 Moves: 1161 Dungeon seed: XbeVK5ycBDGeiTy_ Game ID: moxana_1542825801 Your Inventory: Coins $ - 79 gold pieces Weapons a - an uncursed +0 dagger named Sharptooth (weapon in hand) b - 6 uncursed +0 daggers (in quiver) A - 4 cursed -1 darts Armor e - an uncursed +1 leather armor (being worn) n - an uncursed +0 pair of water walking boots (being worn) Comestibles h - an uncursed carrot l - an uncursed cherry m - 3 uncursed food rations C - an uncursed sprig of wolfsbane Potions E - an uncursed potion of levitation Tools k - an uncursed lock pick x - an uncursed tin opener B - an uncursed sack Gems q - 2 uncursed worthless pieces of black glass r - an uncursed garnet stone y - 2 uncursed worthless pieces of yellowish brown glass Contents of the sack: 186 gold pieces an uncursed +0 short sword 2 uncursed scrolls of identify an uncursed scroll of punishment a cursed scroll of stinking cloud a cursed potion of invisibility a blessed potion of oil a blessed potion of restore ability an uncursed potion of sickness an uncursed potion of sleeping an uncursed wand of polymorph (0:7) Spells and supernatural/magical abilities: Name Level Category Fail Memory W - pray for help -- divine ? -- Your skills at the end: Fighting Skills Weapon Skills dagger [Basic] short sword [Basic] Spellcasting Skills Final Attributes: You were piously aligned. You were stealthy. You could walk on water. You are dead. Vanquished creatures: a red mold a gnome zombie a gecko a jackal a fox a kobold a goblin a grid bug 2 bats 3 lichens a newt 14 creatures vanquished. Voluntary challenges: You used a wielded weapon 15 times, starting on turn 47. You read items or engraved 1 time, starting on turn 1161. You never genocided any monsters. You never polymorphed an object. You never changed form. You used no wishes. You never split a pudding. You never wrote Elbereth's name. You never violated your personal moral code. Dungeon overview: The Dungeons of Doom: levels 1 to 4 Level 1 an altar to Kos, a fountain, a sink a long staircase Level 2 a general store, a fountain Level 3 a general store Level 4 <- You were here a potion shop, an altar to Kos, a fountain History has recorded: On T:1 you entered the Dungeons of Doom to retrieve the Amulet of Yendor! On T:93 you reached level 2 of The Dungeons of Doom. On T:549 you reached level 3 of The Dungeons of Doom. On T:729 you advanced to experience level 2. On T:838 you reached level 4 of The Dungeons of Doom. On T:1037 you advanced to experience level 3. Score breakdown: Gold: 265 ( 8248 points) Experience: 3 levels ( 7878 points) Exploration: 4 levels ( 7.69%) ( 7276 points) Discoveries: 1 item ( 0.34%) ( 1737 points) Valuables value: (no points given unless you survive) Artifact value: 0 ( 0 points) Variety of kills: 11 monsters ( 2.89%) ( 5097 points) Turncount: 1161 turns ( 0 points) Survival: died (score multiplied by 80%) Total score: 24188 Latest messages: You hit the kitten. The kitten bites! The kitten just misses! You miss the kitten. "Hello, moxana! Welcome again to Walbrzych's liquor emporium!" You see here a swirly potion (133 zorkmids). You see here a cyan potion (133 zorkmids). There are a few objects here. Trouble picks up an effervescent potion. Trouble drops an effervescent potion. E - an effervescent potion. There is nothing here to pick up. The kitten bites! (2x) You are beginning to feel hungry. You miss the kitten. The kitten bites! You miss the kitten. The kitten bites! (2x) You write in the dust with your fingers. The kitten bites! You die... Walbrzych gratefully inherits all your possessions. Final status: Goodbye moxana the Rogue, killed by a kitten... You died in The Dungeons of Doom on dungeon level 4 with 24188 points, and 265 pieces of gold, after 1161 moves. You were level 3 with a maximum of 22 hit points when you died.